 Dungeon Crawl Stone Soup version 0.24-a0-446-g87df7205b4 (webtiles) character file.

Game seed: 7913070766589183543

9286 mortelune the Thaumaturge (level 11, 0/64 HPs)
             Began as a Deep Elf Fire Elementalist on June 23, 2019.
             Was a Priest of Vehumet.
             Slain by a vampire mosquito (11 damage)
             ... on level 9 of the Dungeon.
             The game lasted 00:41:34 (14724 turns).

mortelune the Thaumaturge (DEFE)                   Turns: 14724, Time: 00:41:35

Health: 0/64       AC:  5    Str:  8    XL:     11   Next: 21%
Magic:  0/35       EV: 16    Int: 21    God:    Vehumet [***...]
Gold:   652        SH:  7    Dex: 15    Spells: 8/28 levels left

rFire    . . .     SeeInvis .   Q - +5 flail of Hexam {protect, MR+}
rCold    . . .     Gourm    .   m - +2 buckler
rNeg     . . .     Faith    .   a - +0 robe
rPois    .         Spirit   .   w - +0 helmet
rElec    .         Reflect  .   t - +0 cloak
rCorr    .         Harm     .   (no gloves)
MR       +++..                  C - +0 pair of boots
Stlth    ++........             (no amulet)
HPRegen  0.20/turn              d - ring of protection from magic
MPRegen  0.24/turn              s - ring of magical power

@: no status effects
A: no striking features
a: Renounce Religion


You were on level 9 of the Dungeon.
You worshipped Vehumet.
Vehumet was most pleased with you.
You were near starving.

You visited 2 branches of the dungeon, and saw 12 of its levels.

You collected 652 gold pieces.

Inventory:

Hand Weapons
 e - a +0 dagger
 p - a +0 long sword of slicing
 D - a +3 hand axe of freezing
 G - a +1 mace of holy wrath
 Q - the +5 flail of Hexam (weapon) {protect, MR+}
   (You found it on level 9 of the Dungeon)

   It grants its wielder temporary protection when it strikes (+7 to AC).
   It affects your resistance to hostile enchantments.
Armour
 a - a +0 robe (worn)
 m - a +2 buckler (worn)
 t - a +0 cloak (worn)
 w - a +0 helmet (worn)
 y - a scarf of cloud immunity
 C - a +0 pair of boots (worn)
Magical Staves
 q - an uncursed staff of earth
Jewellery
 d - a ring of protection from magic (left hand)
 l - an uncursed ring of stealth
 n - an uncursed ring of protection from fire
 s - a ring of magical power (right hand)
 z - an uncursed ring of magical power
 I - an uncursed ring of positive energy
Wands
 i - a wand of flame (38)
 J - a wand of disintegration (16)
 L - a wand of iceblast (16)
Scrolls
 f - 3 scrolls of enchant armour
 g - a scroll of fear
 j - 2 scrolls of blinking
 o - 2 scrolls of remove curse
 A - 3 scrolls of teleportation
 F - a scroll of magic mapping
 H - 3 scrolls of identify
 M - a scroll of enchant weapon {unknown}
 P - a scroll of random uselessness {unknown}
 R - 2 scrolls of fog
Potions
 b - 4 potions of curing
 h - 4 potions of haste
 k - a potion of brilliance
 r - 3 potions of lignification {unknown}
 u - a potion of invisibility {unknown}
 v - a potion of berserk rage {unknown}
 x - a potion of flight
 B - a potion of agility {unknown}
 E - a potion of might {unknown}
 K - a potion of degeneration {unknown}
 N - a potion of resistance
 O - a potion of cancellation {unknown}
Comestibles
 c - 15 rations


   Skills:
 + Level 5.5 Fighting
 - Level 6.2 Dodging
 - Level 2.4 Stealth
 - Level 4.1 Shields
 + Level 9.3 Spellcasting
 + Level 9.2 Conjurations
 * Level 7.0 Summonings
 - Level 8.9 Fire Magic


You had 8 spell levels left.
You knew the following spells:

 Your Spells              Type           Power        Failure   Level  Hunger
a - Flame Tongue          Conj/Fire      #####        1%          1    None
b - Throw Flame           Conj/Fire      #####.       1%          2    None
c - Conjure Flame         Conj/Fire      #####...     1%          3    None
d - Sticky Flame          Conj/Fire      #####...     1%          4    ##.....
e - Fireball              Conj/Fire      #####.....   1%          5    #####..
f - Summon Lightning Spi  Summ/Air       ###.....     16%         4    ##.....
g - Magic Dart            Conj           ####         1%          1    None

Your spell library contained the following spells:

 Spells                   Type           Power        Failure   Level  Hunger
 Ignite Poison            Fire/Tmut/Pois ###.....     1%          3    None
 Freeze                   Ice            #...         1%          1    None
 Summon Small Mammal      Summ           ####         1%          1    None
 Call Imp                 Summ           #####...     1%          2    None
 Throw Frost              Conj/Ice       ####..       1%          2    None
 Call Canine Familiar     Summ           #####...     1%          3    None
 Inner Flame              Hex/Fire       ####....     1%          3    None
 Throw Icicle             Conj/Ice       ####....     3%          4    ##.....
 Summon Guardian Golem    Hex/Summ       ###.....     4%          3    None
 Summon Ice Beast         Ice/Summ       ###.....     16%         4    ##.....
 Ozocubu's Armour         Chrm/Ice       #.......     22%         3    None


Dungeon Overview and Level Annotations

Branches:
Dungeon (11/15)            Temple (1/1) D:7            Lair (0/6) D:11
    Orc (0/2) D:9

Altars:
Ashenzari
Cheibriados
Dithmenos
Elyvilon
Fedhas
Gozag
Hepliaklqana
Nemelex Xobeh
Qazlal
Ru
Sif Muna
Trog
Vehumet
Wu Jian
Xom
Yredelemnul
Zin

Annotations:
D:9 3 runed translucent doors, Loush's ghost, novice TrFi


Message History

You feel better.
You block the vampire mosquito's attack.
The vampire mosquito bites you.
* * * LOW HITPOINT WARNING * * *
The vampire mosquito draws strength from your injuries!
You block the vampire mosquito's attack.
Casting: Flame Tongue (safe; 1% risk of failure)
Confirm with . or Enter, or press ? or * to list all spells.
Aiming: Sticky Flame (safe; 1% risk of failure)
Press: ? - help, Shift-Dir - straight line, f/p - vampire mosquito
Aim: a vampire mosquito (lightly damaged)
The sticky flame hits the vampire mosquito!
The vampire mosquito is heavily damaged.
The vampire mosquito is covered in liquid flames!
The vampire mosquito burns!
The vampire mosquito bites you!
* * * LOW HITPOINT WARNING * * *
The vampire mosquito draws strength from your injuries!
The vampire mosquito bites you but does no damage.
The vampire mosquito burns!
The vampire mosquito bites you!
You die...

##.(#......................
#.#(.......................
#####.......................
###.##.(..........#......#....
###...##............##.####[....
#.#...##............#### #..((..
#...............(.<.# ####......
##..................# #...#...#.
##.............y@..#.#####......#
.##.............#...#.#.#......##
##...............#.#....##....#.#
.................#...#.#.#.....##
..............##..####.........##
................###.#..........#.
...............#.#........)....##
...............#####.......<.###.
...............###..#............


You could see a vampire mosquito (burning).

Vanquished Creatures
  An unseen horror (D:10)
  A manticore (D:10)
  Prince Ribbit (D:6)
  A vampire (D:9)
  A wraith (D:10)
  5 yaks
  Eustachio (D:4)
  A basilisk (D:11)
  A water moccasin (D:9)
  Duvessa (D:7)
  6 orc warriors
  2 ice beasts (D:7)
  A sky beast (D:8)
  A hornet zombie (D:9)
  A black bear (D:10)
  2 eyes of draining
  6 ogres
  5 centaurs
  2 crocodiles
  2 phantoms
  Blork the orc (D:4)
  6 bullfrogs
  A wyvern zombie (D:10)
  A gnoll sergeant (D:10)
  A water moccasin zombie (D:9)
  A scorpion (D:9)
  Dowan (D:7)
  8 killer bees (D:9)
  9 wights
  A howler monkey (D:6)
  10 crimson imps
  A centaur zombie (D:5)
  4 hounds
  A bullfrog zombie (D:8)
  2 quasits
  3 centaur skeletons
  11 orc priests
  A jelly (D:8)
  14 orc wizards
  A bullfrog skeleton (D:5)
  Crazy Yiuf (D:4)
  2 iguanas
  3 worker ants
  2 hound skeletons
  Robin (D:4)
  4 worker ant zombies
  5 gnolls
  12 adders
  A shadow imp (D:7)
  2 oozes (D:3)
  An adder skeleton (D:8)
  3 worms (D:2)
  3 dart slugs
  4 leopard geckos
  50 orcs
  3 ball pythons
  7 bats
  3 giant cockroaches (D:1)
  13 goblins
  6 hobgoblins
  23 jackals
  4 quokkas
  6 frilled lizards
  6 kobolds
  A leopard gecko skeleton (D:4)
  5 rats
291 creatures vanquished.

Vanquished Creatures (collateral kills)
  A two-headed ogre (D:10)
  A troll (D:9)
  An orc warrior (D:10)
  An ice beast (D:10)
  A hound (D:10)
5 creatures vanquished.

Grand Total: 296 creatures vanquished

Notes
Turn   | Place    | Note
-------+----------+-------------------------------------------
     0 | D:1      | mortelune the Deep Elf Fire Elementalist began the quest
                  | for the Orb.
     0 | D:1      | Reached XP level 1. HP: 10/10 MP: 6/6
   330 | D:1      | Reached XP level 2. HP: 15/15 MP: 6/8
   334 | D:1      | Learned a level 2 spell: Throw Flame
  1151 | D:2      | Reached XP level 3. HP: 20/20 MP: 1/9
  1156 | D:2      | Learned a level 3 spell: Conjure Flame
  1890 | D:2      | Reached XP level 4. HP: 24/24 MP: 0/11
  2488 | D:3      | Learned a level 4 spell: Sticky Flame
  3104 | D:3      | Reached skill level 1 in Fighting
  3582 | D:4      | Noticed Robin
  3849 | D:3      | Reached XP level 5. HP: 28/29 MP: 9/12
  3893 | D:4      | Killed Robin
  3984 | D:4      | Noticed Eustachio
  4013 | D:4      | Found a snail-covered altar of Cheibriados.
  4030 | D:4      | Noticed an ogre
  4059 | D:4      | Noticed Blork the orc
  4372 | D:4      | Killed Blork the orc
  4442 | D:4      | Killed Eustachio
  4442 | D:4      | Reached skill level 5 in Fire Magic
  4442 | D:4      | Reached XP level 6. HP: 21/35 MP: 14/14
  4717 | D:4      | Found a runed translucent door.
  4718 | D:4      | Noticed Crazy Yiuf
  4726 | D:4      | Killed Crazy Yiuf
  5239 | D:5      | Entered Level 5 of the Dungeon
  5279 | D:5      | Reached XP level 7. HP: 34/39 MP: 8/15
  5508 | D:5      | Found a shimmering altar of Xom.
  5510 | D:5      | Found a hazy altar of Hepliaklqana.
  5511 | D:5      | Noticed a spectral ugly thing
  5901 | D:5      | Found a sacrificial altar of Ru.
  5911 | D:5      | Found an opulent altar of Gozag.
  5916 | D:5      | Found a white marble altar of Elyvilon.
  6029 | D:5      | Reached skill level 5 in Spellcasting
  6212 | D:5      | Reached skill level 5 in Conjurations
  6349 | D:5      | Found a shimmering altar of Xom.
  6761 | D:6      | Reached XP level 8. HP: 41/45 MP: 18/18
  6768 | D:6      | Learned a level 5 spell: Fireball
  7295 | D:6      | Reached skill level 5 in Dodging
  7406 | D:6      | Noticed Prince Ribbit
  7411 | D:6      | Killed Prince Ribbit
  8000 | D:6      | Found an ornate altar of the Wu Jian Council.
  8703 | D:7      | Reached XP level 9. HP: 35/51 MP: 20/20
  8893 | D:7      | Found a sparkling altar of Nemelex Xobeh.
  9198 | D:7      | Noticed Dowan
  9198 | D:7      | Noticed Duvessa
  9412 | D:7      | Killed Dowan
  9484 | D:7      | Killed Duvessa
  9547 | D:7      | Found a stormy altar of Qazlal.
  9547 | D:7      | Found a faded altar of an unknown god.
  9560 | D:7      | Found a deep blue altar of Sif Muna.
  9563 | D:7      | Found a basalt altar of Yredelemnul.
  9565 | D:7      | Found a faded altar of an unknown god.
  9587 | D:7      | Found a staircase to the Ecumenical Temple.
  9624 | D:7      | Learned a level 4 spell: Summon Lightning Spire
  9631 | Temple   | Entered the Ecumenical Temple
  9655 | Temple   | Became a worshipper of Vehumet
  9917 | D:8      | Reached skill level 1 in Summonings
  9979 | D:8      | Reached skill level 1 in Shields
 10060 | D:8      | Found a blossoming altar of Fedhas.
 11088 | D:8      | Reached * piety under Vehumet
 11088 | D:8      | Offered knowledge of Magic Dart by Vehumet.
 11092 | D:8      | Learned a level 1 spell: Magic Dart
 11168 | D:8      | Reached XP level 10. HP: 57/57 MP: 23/23
 11532 | D:9      | Found a runed translucent gate.
 11532 | D:9      | Found a runed translucent gate.
 11532 | D:9      | Found a runed translucent gate.
 11533 | D:9      | Noticed a stone giant
 11535 | D:9      | Noticed Loush's ghost (novice TrFi)
 11538 | D:9      | Noticed a cyclops
 11968 | D:9      | Offered knowledge of Sandblast by Vehumet.
 12057 | D:9      | Reached ** piety under Vehumet
 12385 | D:9      | Found a staircase to the Orcish Mines.
 12659 | D:9      | You fall into a shaft and drop 2 floors!
 12659 | D:11     | Found a staircase to the Lair.
 12660 | D:11     | Noticed an elephant
 12810 | D:10     | Entered Level 10 of the Dungeon
 12810 | D:10     | Noticed a manticore
 12997 | D:9      | Reached skill level 5 in Summonings
 13038 | D:9      | Got an ancient flail
 13039 | D:9      | Identified the +5 flail of Hexam {protect, MR+} (You found
                  | it on level 9 of the Dungeon)
 13651 | D:10     | Killed a manticore
 13651 | D:10     | Offered knowledge of Ignite Poison by Vehumet.
 13651 | D:10     | Reached skill level 5 in Fighting
 13923 | D:10     | Noticed an unseen horror
 13925 | D:10     | Killed an unseen horror
 13925 | D:10     | Reached XP level 11. HP: 54/64 MP: 2/25
 14161 | D:10     | Reached *** piety under Vehumet
 14675 | D:10     | Noticed a two-headed ogre
 14684 | D:10     | Killed a two-headed ogre
 14724 | D:9      | Slain by a vampire mosquito

Levels and vault maps discovered:
D:1:      dpeg_arrival_ternary, layout_rooms, serial_forest,
          infiniplex_forest_zigzag_1, infiniplex_forest_clump_small,
          infiniplex_forest_straight_2, infiniplex_forest_straight_2,
          infiniplex_forest_split, infiniplex_forest_lined_2,
          infiniplex_forest_lined_room_2, minmay_tetromino_i4
D:2:      layout_basic
D:3:      layout_basic
D:4:      layout_cave_pools, nicolae_overflow_crystal_walls,
          portal_sewer_entry_d, first_ration, uniq_eustachio,
          uniq_blork_the_orc, uniq_crazy_yiuf_cottage, uniq_robin
D:5:      layout_cave_pods, regret_index_temple_of_mockery,
          grunt_temple_overflow_diamond, led_xom_imps
D:6:      layout_loops_ring, lemuel_doored_altar, uniq_prince_ribbit1
D:7:      layout_basic, marbit_many_paths, chequers_temple_overflow_minitemple,
          temple_fountains, uniq_duvessa
D:8:      layout_loops_corners, fedhas_ov_isle_minmay
D:9:      layout_big_octagon, orc_0_dummy, gammafunk_ghost_split
D:10:     minmay_bloctagon, layout_rooms, grunt_livestock
D:11:     layout_gridville, david_lair_generic
Temple:   compressed_dpeg_circular_temple

Skill      XL: |  1  2  3  4  5  6  7  8  9 10 11 |
---------------+----------------------------------+-----
Conjurations   | 2 3 4 5 6 8 9 |  9.2
Fire Magic     | 4 5 6 7 8 |  8.9
Dodging        | 3 4 5 6 |  6.2
Fighting       | 1 2 3 4 5 |  5.5
Spellcasting   | 4 5 6 7 8 9 |  9.3
Summonings     | 2 6 7 |  7.0
Shields        | 2 4 |  4.1
Stealth        | |  2.4

Action                   |  1- 3 |  4- 6 |  7- 9 | 10-12 || total
-------------------------+-------+-------+-------+-------++-------
Melee: Hand axe          |       |       |     8 |       ||     8
       Mace              |       |       |   108 |    29 ||   137
       Flail             |       |       |       |     5 ||     5
 Cast: Flame Tongue      |    37 |    66 |   186 |   111 ||   400
       Throw Flame       |    27 |    49 |   100 |    56 ||   232
       Sticky Flame      |       |     1 |    36 |    32 ||    69
       Conjure Flame     |       |       |     5 |     1 ||     6
       Magic Dart        |       |       |     3 |    16 ||    19
       Fireball          |       |       |     1 |    35 ||    36
       Summon Lightning  |       |       |       |     7 ||     7
Evoke: Wand              |       |       |       |     3 ||     3
  Use: Scroll            |       |    12 |     1 |     2 ||    15
       Potion            |       |     1 |       |     2 ||     3
  Eat: Chunk             |     4 |     8 |    17 |    13 ||    42
       Ration            |       |     1 |     2 |     2 ||     5
Armor: Robe              |     2 |    15 |    41 |    33 ||    91
Dodge: Dodged            |     6 |    35 |   139 |   111 ||   291
Block: Buckler           |       |    28 |    49 |    70 ||   147
       Rpst.: Long sword |     1 |     7 |     1 |       ||     9

Table legend:
 A = Non-vault XP
 B = Vault XP
 C = Vault XP percentage of total XP
 D = Non-vault monster count
 E = Vault monster count
 F = Vault count percentage of total count
                 A         B        C        D         E       F
            +---------+---------+-------+---------+---------+-------
      Total |   10846 |    2421 |  18.2 |     264 |      32 |  10.8
            +---------+---------+-------+---------+---------+-------
        D:1 |      26 |       5 |  16.1 |      14 |       3 |  17.6
        D:2 |      84 |       0 |   0.0 |      16 |       0 |   0.0
        D:3 |      66 |      16 |  19.5 |      18 |       9 |  33.3
        D:4 |     136 |     364 |  72.8 |      11 |       6 |  35.3
        D:5 |     765 |       0 |   0.0 |      20 |       0 |   0.0
        D:6 |     906 |     255 |  22.0 |      34 |       1 |   2.9
        D:7 |    1208 |     352 |  22.6 |      36 |       3 |   7.7
        D:8 |    1524 |       0 |   0.0 |      38 |       0 |   0.0
        D:9 |    2988 |       0 |   0.0 |      56 |       0 |   0.0
       D:10 |    3022 |    1182 |  28.1 |      20 |       8 |  28.6
       D:11 |     121 |     247 |  67.1 |       1 |       2 |  66.7
            +---------+---------+-------+---------+---------+-------
